[Event "SM-blixten 2025"]
[Site "Uppsala, Sweden"]
[Date "2025.07.03"]
[Round "2.3"]
[White "Carlsson, Ludvig"]
[Black "Berling, Egil"]
[Result "1-0"]
[TimeControl "3 min + 2 sec increment starting from move 1"]
[WhiteTitle "IM"]
[WhiteElo "2386"]
[BlackElo "2016"]

1. Nf3 d5 2. d4 Nf6 3. c4 e6 4. Nc3 dxc4 5. e4 b5 6. Nxb5 Nxe4 7. Qa4 c6 8. Nc3 Nxc3 9. bxc3 Bd6 10. Bxc4 O-O 11. O-O Qc7 12. Rb1 Nd7 13. Qc2 Bb7 14.
Bd3 h6 15. h3 Rab8 16. Be3 c5 17. Qe2 Nf6 18. c4 Rfd8 19. dxc5 Bxc5 20. Bxc5 Qxc5 21.
Ne5 Ba8 22. Rfe1 Rxb1 23. Bxb1 Qe7 24. Qc2 g6 25. Qc3 Nd7 26. Ng4 Kh7 27. Rd1 Qg5 28. f3 h5 29. Rxd7 hxg4 30. Rxf7+ 1-0

[Event "SM-blixten 2025"]
[Site "Uppsala, Sweden"]
[Date "2025.07.03"]
[Round "3.9"]
[White "Karlsson, Tomas"]
[Black "Mardell, Jonas"]
[Result "1-0"]
[TimeControl "3 min + 2 sec increment starting from move 1"]
[WhiteTitle "FM"]
[WhiteElo "2239"]
[BlackElo "2046"]

1. e4 c5 2. Nf3 d6 3. d4 cxd4 4. Nxd4 Nf6 5. Nc3 a6 6. h3 h5 7. g3 e5 8. Nde2 Be6 9. Bg2 Be7 10. Be3 Nbd7 11. Nd5 Nxd5 12. exd5 Bf5 13.
O-O Nf6 14. c4 Qd7 15. h4 Bh3 16. Nc3 Bxg2 17. Kxg2 Ng4 18. Qa4 Qxa4 19. Nxa4 Nxe3+ 20. fxe3 b5 21. cxb5 axb5 22. Nc3 Rb8 23. Rfc1 Kd7 24. Kf3 Rhc8 25. Ne4 f5 26. Nc3 Rc4 27.
b3 Rc5 28. e4 Rbc8 29. Ne2 g6 30. Ke3 Bf8 31. Kd3 Bh6 32. Rxc5 Rxc5 33. a4 fxe4+ 34. Kxe4 Rc2 35. Kf3 bxa4 36. Rxa4 Rc5 37. Ra7+ Kc8 38. Rh7 Bd2 39. Rg7 Rxd5 40. Rxg6 Rd3+ 41. Kf2 Rxb3 42. Rxd6 Bb4 43. Rd5 e4 44.
Rxh5 Kd7 45. Re5 e3+ 46. Kf3 Bd2 47. h5 Kd6 48. Re4 Rb5 49. g4 Rb8 50. Rf4 Rb1 51. g5 Rf1+ 52. Ke4 Rf2 53. Kd3 Bc1 54. h6 Bb2 55. Kxe3 Rh2 56. Kf3 Ke7 57.
Rg4 Kf7 58. g6+ Kg8 59. h7+ Kg7 60. Nf4 Rh1 61. Ke4 Re1+ 62.
Kf3 Re5 63. Ne2 Ba1 64. Ng3 Rc5 65.
Ne4 Rf5+ 66. Ke3 Be5 67. Kd3 Rf3+ 68. Kc4 Rf4 69. Rxf4 Bxf4 70. Kd5 Bh6 71.
Nd6 Kh8 72. Ke6 Bg7 73. Nf7# 1-0

[Event "SM-blixten 2025"]
[Site "Uppsala, Sweden"]
[Date "2025.07.03"]
[Round "5.5"]
[White "Odell Johansson, Leo"]
[Black "Seo, Jung Min"]
[Result "0-1"]
[TimeControl "3 min + 2 sec increment starting from move 1"]
[BlackTitle "IM"]
[WhiteElo "1991"]
[BlackElo "2468"]

1. c4 e5 2. Nc3 Nf6 3. g3 Bb4 4.
e4 Bxc3 5. dxc3 O-O 6. f3 c6 7. c5 b6 8. Be3 Na6 9. Bxa6 Bxa6 10. Ne2 Re8 11. O-O bxc5 12. Bxc5 d6 13. Ba3 Qb6+ 14. Rf2 d5 15. exd5 cxd5 16.
Qd2 Rad8 17. Kg2 Bb7 18. Rff1 d4 19. cxd4 e4 20. Bc5 Qxc5 21. Kg1 0-1

[Event "SM-blixten 2025"]
[Site "Uppsala, Sweden"]
[Date "2025.07.03"]
[Round "7.1"]
[White "Religa, Marek"]
[Black "Galperin, Platon"]
[Result "0-1"]
[TimeControl "3 min + 2 sec increment starting from move 1"]
[BlackTitle "GM"]
[WhiteElo "2227"]
[BlackElo "2506"]

1. e4 g6 2. d4 d6 3. c4 Bg7 4. Nc3 Nf6 5. h3 O-O 6. Be3 Nbd7 7. Nf3 a5 8. g4 a4 9. Qd2 c5 10. O-O-O b5 11.
cxb5 Bb7 12. Bd3 cxd4 13. Nxd4 a3 14. b3 Ne5 15. Bc2 Rc8 16. f3 Nxf3 17. Nxf3 Nxe4 18. Nxe4 Bxe4 19. Ne1 Bxh1 20.
Kb1 Qd7 21. Bd3 Qb7 22. Nc2 Be4 23. Nxa3 Ra8 24. Nc2 Rfc8 25. Bd4 e5 26. Bb2 Bf3 27. Be2 Bxe2 28. Qxe2 d5 29. Qf3 Qxb5 30.
Rxd5 Qa6 31. a4 Rab8 32.
Rd7 Qe6 33. Qd3 e4 34. Qd5 Qxd5 35. Rxd5 Rxb3 36. Rb5 Rxb5 37. axb5 Rb8 38. Na3 Bf8 39. Be5 Rb7 0-1

[Event "SM-blixten 2025"]
[Site "Uppsala, Sweden"]
[Date "2025.07.03"]
[Round "8.7"]
[White "Johnson, Daniel"]
[Black "Tadjerbashi, Amir"]
[Result "1-0"]
[TimeControl "3 min + 2 sec increment starting from move 1"]
[WhiteElo "2175"]
[BlackElo "2235"]

1. d4 d5 2. c4 e6 3.
Nc3 c6 4. e4 Bb4 5. cxd5 exd5 6. e5 Bf5 7. Bd3 Qd7 8. Nge2 h5 9. a3 Ba5 10. b4 Bd8 11. Be3 h4 12. h3 Nh6 13.
Rc1 Be7 14. Na4 b6 15. Nf4 Bxd3 16. Qxd3 g5 17. Nh5 Kf8 18. g4 hxg3 19. Nxg3 Qe6 20. Nc3 Nd7 21. Nce2 a5 22. f4 f5 23.
fxg5 Nf7 24. Nxf5 Bxg5 25. Rf1 Bxe3 26. Qxe3 Ke8 27. Ng7+ 1-0

[Event "SM-blixten 2025"]
[Site "Uppsala, Sweden"]
[Date "2025.07.03"]
[Round "10.3"]
[White "Bjorkman, Filip"]
[Black "Seo, Jung Min"]
[Result "0-1"]
[TimeControl "3 min + 2 sec increment starting from move 1"]
[BlackTitle "IM"]
[WhiteElo "2116"]
[BlackElo "2468"]

1. e4 c5 2. Nf3 Nc6 3.
d4 cxd4 4. Nxd4 Qb6 5. Nb3 e6 6. Be3 Qc7 7. Nc3 a6 8. Qd2 Nf6 9. a3 b5 10. f3 b4 11. axb4 Bxb4 12. Bc5 Bxc5 13. Nxc5 O-O 14. Be2 d6 15.
Nb3 Rd8 16. O-O e5 17. Bc4 Be6 18. Nd5 Bxd5 19. Bxd5 Nxd5 20. exd5 Ne7 21. Kh1 Qc4 22. Na5 Qxd5 23. Qxd5 Nxd5 24. Rfd1 Ne3 25. Rd2 d5 26. Nc6 Re8 27. Nb4 d4 28.
c3 Nc4 29. Rf2 a5 30. Nd5 Red8 31. b3 Rxd5 32. bxc4 Rc5 33. cxd4 exd4 34. Ra4 Rb8 35. h4 Rb4 36. Rfa2 Rxa4 37. Rxa4 Kf8 38. Kg1 d3 39. Kf2 Re5 0-1

[Event "SM-blixten 2025"]
[Site "Uppsala, Sweden"]
[Date "2025.07.03"]
[Round "11.9"]
[White "Gruvaeus, Curt"]
[Black "Odell Johansson, Leo"]
[Result "1-0"]
[TimeControl "3 min + 2 sec increment starting from move 1"]
[WhiteTitle "FM"]
[WhiteElo "2156"]
[BlackElo "1991"]

1. Nf3 Nf6 2. c4 e6 3. g3 d5 4. Bg2 Be7 5. O-O O-O 6. Qc2 b6 7. d3 Bb7 8. Nc3 c5 9. e4 dxe4 10. dxe4 Nc6 11. Rd1 Nd4 12. Nxd4 cxd4 13. e5 Nd5 14. cxd5 dxc3 15. d6 Bxg2 16.
dxe7 Qxe7 17. Kxg2 Rac8 18. bxc3 Qc5 19. Qe4 Qxc3 20. Be3 Qa5 21. Rd7 h6 22. a4 a6 23. Rad1 b5 24. axb5 Qxb5 25. Rb7 Qc6 26. Qxc6 Rxc6 27. Rd6 Rc2 28. Rxa6 f6 29. Raa7 1-0

[Event "SM-blixten 2025"]
[Site "Uppsala, Sweden"]
[Date "2025.07.03"]
[Round "2.4"]
[White "Ljung, Harald"]
[Black "Pantzar, Milton"]
[Result "0-1"]
[TimeControl "3 min + 2 sec increment starting from move 1"]
[BlackTitle "IM"]
[WhiteElo "2194"]
[BlackElo "2444"]

1. d4 Nf6 2. Nf3 e6 3. c4 b6 4. Nc3 Bb7 5. e3 Bb4 6.
Bd2 O-O 7. Bd3 d5 8. O-O a6 9. a3 Bd6 10. b4 dxc4 11.
Bxc4 Nbd7 12. Rc1 e5 13. Qb3 exd4 14.
Nxd4 Ng4 15. f4 Qh4 16. h3 Qg3 17. Rf3 Qh2+ 18. Kf1 Qh1+ 19. Ke2 Qxg2+ 20. Kd3 Bxf3 21. hxg4 Rad8 22. Nxf3 Qxf3 23. Bd5 Qxg4 24. Kc2 Nf6 25. Bc6 a5 26.
b5 h5 27. Kb1 Qf5+ 28. Ka1 Bxa3 29. e4 Qc5 30. e5 Rxd2 31. exf6 Bxc1 32. fxg7 Kxg7 33. Ne4 Qd4+ 34. Kb1 Rd3 35.
Qc2 Bd2 36. f5 Qb4+ 0-1

[Event "SM-blixten 2025"]
[Site "Uppsala, Sweden"]
[Date "2025.07.03"]
[Round "3.10"]
[White "Pettersson, Tobias"]
[Black "Nilsson, Joakim"]
[Result "0-1"]
[TimeControl "3 min + 2 sec increment starting from move 1"]
[BlackTitle "FM"]
[WhiteElo "2076"]
[BlackElo "2208"]

1. d4 d5 2. Nf3 c5 3. c4 cxd4 4.
cxd5 Nf6 5. Nxd4 Nxd5 6. e4 Nb4 7. Qa4+ N8c6 8. Nxc6 Nxc6 9. Nc3 Bd7 10. Be3 e6 11. Be2 Bb4 12. O-O O-O 13.
Rfd1 Qe7 14. Rac1 Nd4 15. Bb5 Bxb5 16. Nxb5 Ne2+ 17. Kh1 Nxc1 18. Rxc1 a6 19. Nd4 Rac8 20. Qd1 Rfd8 21. Rxc8 Rxc8 22.
e5 Bc5 23. h3 Rd8 24. Qg4 Bxd4 25. Bxd4 Qb4 0-1

[Event "SM-blixten 2025"]
[Site "Uppsala, Sweden"]
[Date "2025.07.03"]
[Round "5.6"]
[White "Jonsson, Mikael"]
[Black "Olund, Joar"]
[Result "1-0"]
[TimeControl "3 min + 2 sec increment starting from move 1"]
[BlackTitle "FM"]
[WhiteElo "2204"]
[BlackElo "2369"]

1. e4 e5 2. Nf3 Nc6 3. Bb5 Nf6 4. O-O Nxe4 5. d4 Nd6 6. Bxc6 dxc6 7. dxe5 Nf5 8.
Qxd8+ Kxd8 9. Nc3 h6 10. Bd2 Be6 11. h3 c5 12. Rad1 Kc8 13. Bf4 b6 14. Nd5 Kb7 15. Rd2 g5 16.
Bh2 Bg7 17. g4 Nd4 18. Nxd4 cxd4 19. Rxd4 h5 20. Bg3 a5 21. a4 h4 22. Bh2 Rhe8 23. Rfd1 Bxd5 24. Rxd5 Re7 25. b3 Rae8 26. e6 Rxe6 27. Rxg5 Bc3 28.
Rd7 R8e7 29. Rgd5 Bb4 30. Bxc7 Rxd7 31. Rxd7 Kc6 32. Rxf7 Re2 33. Bd8 Bd6 34. Bxh4 Rxc2 35. Rf3 Kd5 36. Kg2 Bc5 37. Bg3 Ke4 38. h4 Bd4 39. h5 Rc3 40. Rxc3 Bxc3 41. f3+ Kd3 42. Bc7 Kc2 43. Bxb6 Kxb3 44. f4 Kxa4 45. g5 Kb5 46. Bd8 a4 47. Be7 Kc4 48. h6 Kd5 49. Kf3 Ke6 50. Ba3 Kf5 51. h7 Kg6 52.
Kg4 Kxh7 53. f5 Kg7 54. Kf4 Bd2+ 55. Kg4 Bc3 56. Kh5 Bd4 57. Bb4 Bb2 58. Be7 a3 59. f6+ Kf7 60. g6+ Ke6 61. Bxa3 Bxf6 62. Kh6 Kf5 63. Kh7 Kg5 64. Be7 Bxe7 65.
g7 Kf5 66. g8=Q Bf6 67. Qd5+ Kf4 68. Kh6 Be5 69. Kg6 Bb2 70. Qd2+ 1-0

[Event "SM-blixten 2025"]
[Site "Uppsala, Sweden"]
[Date "2025.07.03"]
[Round "7.2"]
[White "Malmstig, Erik"]
[Black "Carlsson, Ludvig"]
[Result "1-0"]
[TimeControl "3 min + 2 sec increment starting from move 1"]
[WhiteTitle "FM"]
[BlackTitle "IM"]
[WhiteElo "2231"]
[BlackElo "2386"]

1. d4 Nf6 2. c4 c5 3. d5 d6 4. Nc3 g6 5. e4 Bg7 6.
Nf3 O-O 7. Bd3 e6 8. h3 exd5 9. cxd5 a6 10. O-O Nbd7 11. Bf4 Ne8 12. Re1 Ne5 13. Nxe5 dxe5 14. Be3 b6 15. a3 Nd6 16. Rc1 f5 17. f3 f4 18. Bf2 Bf6 19.
Qe2 Bh4 20. Nd1 Bxf2+ 21. Nxf2 Bd7 22. b4 cxb4 23. axb4 a5 24. bxa5 bxa5 25. Qb2 Re8 26. Qa3 Qf6 27. Rc7 Red8 28.
Qc3 a4 29. Ra1 Be8 30. Ng4 Qf8 31. Qxe5 Nf7 32. Qd4 Qg7 33. e5 Rac8 34. Rxc8 Rxc8 35. d6 Rd8 36. Nf6+ Kh8 37. Nxe8 Rxe8 38. d7 Rd8 39. Re1 a3 40. Qd5 a2 41. Qxa2 Nxe5 42. Bb5 Nxd7 43. Qd5 Qf6 44.
Bxd7 Qc3 45. Rd1 Qe3+ 46. Kh1 Kg7 47. Qd6 Kh6 48. Qf6 Kh5 49. Bg4+ Kh6 50. Qxd8 1-0

[Event "SM-blixten 2025"]
[Site "Uppsala, Sweden"]
[Date "2025.07.03"]
[Round "8.8"]
[White "Ljung, Harald"]
[Black "Nilsson, Joakim"]
[Result "0-1"]
[TimeControl "3 min + 2 sec increment starting from move 1"]
[BlackTitle "FM"]
[WhiteElo "2194"]
[BlackElo "2208"]

1. d4 Nf6 2. Nf3 g6 3. g3 Bg7 4. Bg2 O-O 5.
O-O Ne4 6. c4 d6 7. Nc3 Nxc3 8. bxc3 Nc6 9. e4 b6 10. Be3 Ba6 11. Nd2 Na5 12. Qa4 Rc8 13. Rfe1 Qe8 14. Qxe8 Rfxe8 15. Bh3 e6 16. Rac1 Nxc4 17.
Nxc4 Bxc4 18. a4 a5 19. f4 f5 20. d5 Bd3 21. exf5 exf5 22. Kf2 Re7 23. Bd2 Rce8 24. Re3 Bc4 25.
Bg2 Rxe3 26. Bxe3 Bb3 27. h3 Bxa4 28. g4 Bd7 29. g5 Bb5 30. c4 Ba4 31. Bf1 Bb3 32. Bd2 Bd4+ 33. Kf3 a4 0-1

[Event "SM-blixten 2025"]
[Site "Uppsala, Sweden"]
[Date "2025.07.03"]
[Round "10.4"]
[White "Jonsson, Mikael"]
[Black "Malmstig, Erik"]
[Result "0-1"]
[TimeControl "3 min + 2 sec increment starting from move 1"]
[BlackTitle "FM"]
[WhiteElo "2204"]
[BlackElo "2231"]

1. e4 c5 2. Nf3 d6 3. d4 cxd4 4. Nxd4 Nf6 5. Nc3 Bd7 6. Bg5 e6 7. Qd2 a6 8. O-O-O h6 9. Bxf6 Qxf6 10.
f4 Nc6 11. Nf3 g5 12. e5 Qxf4 13. Qxf4 gxf4 14. exd6 O-O-O 15. Bc4 Rg8 16. Rd2 Bg7 17. Ne4 Na5 18. Bb3 b6 19. Re1 Nb7 20. Nd4 Bxd4 21. Rxd4 Rxg2 22.
Nf6 Bc6 23. Rxf4 Nxd6 24. Rh4 Nf5 25. Rh3 Kb7 26. Rd1 Rxd1+ 27. Kxd1 b5 28. Nh5 a5 29. Nf4 Rf2 30. Nd3 Rf3 31. Rxf3 Bxf3+ 32. Kd2 a4 33. Nc5+ Kb6 0-1

[Event "SM-blixten 2025"]
[Site "Uppsala, Sweden"]
[Date "2025.07.03"]
[Round "11.10"]
[White "Tagesson, Bjorn"]
[Black "Tuomainen, Felix"]
[Result "0-1"]
[TimeControl "3 min + 2 sec increment starting from move 1"]
[BlackTitle "FM"]
[WhiteElo "2142"]
[BlackElo "2215"]

1. e4 d6 2. d4 g6 3. Nc3 Bg7 4. f4 Nf6 5.
Nf3 O-O 6. Bd3 c6 7. O-O b5 8. h3 a5 9. Be3 Ba6 10. g4 Nbd7 11. Ne2 c5 12. c3 b4 13. Ng3 Qb6 14. Rf2 Rac8 15.
f5 bxc3 16. bxc3 cxd4 17. cxd4 Bxd3 18. Qxd3 Qc6 19. g5 Ne8 20. Rc1 Qa8 21. e5 Rxc1+ 22. Bxc1 dxe5 23. fxg6 hxg6 24. Ba3 Nd6 25. dxe5 Nxe5 26. Nxe5 Bxe5 27.
Re2 Qa7+ 28. Kg2 Bf4 29. Ne4 Nxe4 30.
Rxe4 Bxg5 31. Rg4 Bf6 32. h4 Qb7+ 33. Kh3 Qh1+ 34. Kg3 Be5+ 35. Kf2 Qh2+ 36. Kf1 Bf6 37. Bxe7 0-1

[Event "SM-blixten 2025"]
[Site "Uppsala, Sweden"]
[Date "2025.07.03"]
[Round "2.5"]
[White "Olund, Joar"]
[Black "Kingsley, Elias"]
[Result "1-0"]
[TimeControl "3 min + 2 sec increment starting from move 1"]
[WhiteTitle "FM"]
[WhiteElo "2369"]
[BlackElo "2072"]

1. Nf3 Nf6 2. b3 c5 3. Bb2 Nc6 4. g3 b6 5. Bg2 Bb7 6. O-O g6 7. d4 cxd4 8. Nxd4 Bg7 9. c4 O-O 10. Nc3 Rc8 11. Rc1 a6 12. Qd2 Qc7 13. Nd5 Qd8 14. Nxc6 dxc6 15.
Nxf6+ Bxf6 16. Qxd8 Rfxd8 17. Bxf6 exf6 18. Rfd1 Kf8 19. Kf1 Ke7 20. Ke1 Ba8 21. h4 c5 22. Bxa8 Rxa8 23. e4 Rxd1+ 24. Rxd1 Rd8 25. Rd5 Rd6 26.
Ke2 Ke6 27. g4 Rd7 28. Ke3 Rd6 29. a4 a5 30. f4 h6 31. f5+ Ke7 32. fxg6 fxg6 33. Kf4 Re6 34. h5 Rd6 35. Rxd6 Kxd6 36.
hxg6 Ke6 37. Kg3 1-0

[Event "SM-blixten 2025"]
[Site "Uppsala, Sweden"]
[Date "2025.07.03"]
[Round "4.1"]
[White "Galperin, Platon"]
[Black "Tadjerbashi, Amir"]
[Result "1-0"]
[TimeControl "3 min + 2 sec increment starting from move 1"]
[WhiteTitle "GM"]
[WhiteElo "2506"]
[BlackElo "2235"]

1. Nf3 Nf6 2. c4 e6 3. b3 d5 4. Bb2 Be7 5. e3 Nbd7 6. Nc3 c6 7. g3 O-O 8. d4 a5 9. Bg2 Bd6 10.
O-O Qe7 11. Qc2 dxc4 12. bxc4 e5 13. Nh4 g6 14. Rfe1 Re8 15. Nf3 Ba3 16. Bxa3 Qxa3 17. c5 Nd5 18. Nxd5 cxd5 19. Reb1 e4 20.
Nd2 b6 21. Bf1 bxc5 22. Rb3 1-0

[Event "SM-blixten 2025"]
[Site "Uppsala, Sweden"]
[Date "2025.07.03"]
[Round "5.7"]
[White "Berovski, Krum"]
[Black "Muntean, Victor"]
[Result "0-1"]
[TimeControl "3 min + 2 sec increment starting from move 1"]
[WhiteElo "2344"]
[BlackElo "2140"]

1. d4 Nf6 2. c4 a6 3. e3 e6 4. Nc3 d5 5. Nf3 dxc4 6. Bxc4 b5 7. Be2 Bb7 8. O-O Be7 9. Ne5 O-O 10.
Bf3 Nd5 11. e4 Nf6 12. a3 Nbd7 13. Nxd7 Qxd7 14. Be3 a5 15. Qc2 b4 16. axb4 axb4 17. Ne2 Rfc8 18. Ng3 Qb5 19. Rxa8 Bxa8 20. Be2 Qa5 21. f3 c5 22. Rc1 Rc6 23. dxc5 Nd7 24. Qd2 Nxc5 25. Nh5 Nb3 26. Rxc6 Nxd2 27. Rc8+ Bf8 28. Bc5 Qxc5+ 29. Rxc5 Bxc5+ 30. Kh1 Bd6 31. f4 Nxe4 0-1

[Event "SM-blixten 2025"]
[Site "Uppsala, Sweden"]
[Date "2025.07.03"]
[Round "7.3"]
[White "Nygren, Kim"]
[Black "Seo, Jung Min"]
[Result "0-1"]
[TimeControl "3 min + 2 sec increment starting from move 1"]
[WhiteTitle "CM"]
[BlackTitle "IM"]
[WhiteElo "2173"]
[BlackElo "2468"]

1. c4 e5 2. Nc3 Nf6 3. g3 Bb4 4. Bg2 O-O 5. Qc2 Re8 6. Nd5 Bf8 7. d3 c6 8. Nxf6+ Qxf6 9. Nf3 d6 10.
O-O a5 11. Rb1 h6 12. a3 a4 13. Nd2 Nd7 14. Ne4 Qd8 15. f4 exf4 16. Bxf4 Nc5 17. Nxc5 dxc5 18. Rf2 Be6 19. Rbf1 Qd7 20.
Be5 Ra7 21. Bc3 b5 22. Rf4 Bd6 23. Rh4 Be7 24. Re4 bxc4 25. dxc4 Raa8 26. Rd1 Qc8 27. Rf4 Bg5 28. Re4 Rf8 29.
h4 Be7 30. Rf4 Qc7 31. Qe4 Bd6 32. Rf3 Bxg3 33. Rdd3 Bh2+ 34. Kf1 Rad8 35. Bh3 Rxd3 36. exd3 Bxh3+ 37. Rxh3 Qf4+ 38. Qxf4
Bxf4 39. Ke2 Re8+ 40. Kd1 Be5 41. Kd2 f6 42. Rf3 Kf7 43. h5 Bxc3+ 44. Kxc3 Re5 45. Rh3 Rg5 46. Rh4 Rg1 47. b4 axb3 48. Kxb3 f5 49. a4 Kf6 50. a5 Ra1 51. d4 Rxa5 52. d5 Ra6 53. Rh3 Rb6+ 54. Kc3 cxd5 55. cxd5 Rb4 56. Rg3 Rd4 57. Rg6+ Kf7 58. d6 f4 59. Rg4 Rxd6 60. Rxf4+ Rf6 61. Rh4 Rf5 62. Kc4 Kf6 63. Rh1 Re5 64.
Rh2 Ke6 65. Rh1 Kd6 66. Rd1+ Kc6 67. Rg1 Rg5 68. Ra1 Rg4+ 69.
Kc3 Kd5 70. Rd1+ Ke6 71. Ra1 Kf6 72. Ra5 Rg5 73. Ra6+ Ke5 74. Rc6 Kf4 75. Rc7 Kg4 0-1

[Event "SM-blixten 2025"]
[Site "Uppsala, Sweden"]
[Date "2025.07.03"]
[Round "8.9"]
[White "Malm Lindberg, Henrik"]
[Black "Ostlund, Joar"]
[Result "0-1"]
[TimeControl "3 min + 2 sec increment starting from move 1"]
[BlackTitle "FM"]
[WhiteElo "2113"]
[BlackElo "2322"]

1. e4 c5 2. Nf3 Nc6 3. d4 cxd4 4. Nxd4 g6 5. c4 Nf6 6. Nc3 Nxd4 7. Qxd4 d6 8. Bg5 Bg7 9. Qd2 O-O 10. Be2 Be6 11. Rc1 Qa5 12. f3 Rfc8 13. b3 a6 14. Na4 Qxd2+ 15. Kxd2 Rc6 16. g4 h6 17. Be3 Nd7 18. Nc3 b5 19. cxb5 axb5 20. Bxb5 Bxc3+ 21. Rxc3 Rxa2+ 22. Kd3 Ne5+ 23.
Kd4 Nxf3+ 24. Kd3 Ne5+ 25. Kd4 Rb6 26. Bc4 Bxc4 27. bxc4 Nc6+ 28. Kd3 Nb4+ 29. Kd4 e5# 0-1

[Event "SM-blixten 2025"]
[Site "Uppsala, Sweden"]
[Date "2025.07.03"]
[Round "10.5"]
[White "Hakanson, Josef"]
[Black "Grahn, Vidar"]
[Result "0-1"]
[TimeControl "3 min + 2 sec increment starting from move 1"]
[BlackTitle "FM"]
[WhiteElo "2131"]
[BlackElo "2239"]

1. e4 c5 2. c3 Nf6 3. e5 Nd5 4. Nf3 e6 5. d4 cxd4 6. cxd4 d6 7. Bd3 dxe5 8. Nxe5 Nd7 9. O-O Bd6 10. Re1 O-O 11. Nc3 Nxc3 12. bxc3 Bxe5 13.
dxe5 Nc5 14. Be2 Qa5 15. Qd4 Rd8 16. Qb4 Qc7 17. Be3 b6 18. Bxc5 bxc5 19. Qe4 Bb7 20. Qe3 Rab8 21. h4 Ba8 22. Rab1 Rb6 23. Rb3 h6 24.
Reb1 Bd5 25. c4 Ba8 26. Rb5 Rd4 27. h5 Re4 28. Qd2 Rxe5 29. a4 Rg5 30. Bf1 Qc6 31. Qd8+ Kh7 32. Qd3+ f5 33. Qh3 Rxb5 34. cxb5 Qe4 35.
Rd1 Qxa4 36. Rd6 Qa1 37. Qd3 Rxg2+ 38. Kh1 Rg3+ 0-1

[Event "SM-blixten 2025"]
[Site "Uppsala, Sweden"]
[Date "2025.07.03"]
[Round "2.6"]
[White "Dolata, Henryk"]
[Black "Malmstig, Erik"]
[Result "0-1"]
[TimeControl "3 min + 2 sec increment starting from move 1"]
[BlackTitle "FM"]
[WhiteElo "1958"]
[BlackElo "2231"]

1. e4 c5 2. c3 d6 3. d4 Nd7 4. Nf3 e6 5. Bd3 Qc7 6.
Qe2 Ngf6 7. O-O Be7 8. Bg5 b6 9. e5 dxe5 10. dxe5 Nd5 11. Bxe7 Nxe7 12. Nbd2 Bb7 13. Nc4 O-O 14. Nd6 Bxf3 15. gxf3 Nd5 16. Qe4 g6 17. Rfe1 Rad8 18. Nb5 Qb8 19.
Rad1 a6 20. Na3 b5 21. Nc2 c4 22. Bf1 Nc5 23. Qh4 Qc7 24. Rd4 Qe7 25. Qh6 f5 26. exf6 Qxf6 27. Bg2 Nd3 0-1

[Event "SM-blixten 2025"]
[Site "Uppsala, Sweden"]
[Date "2025.07.03"]
[Round "4.2"]
[White "Carlsson, Ludvig"]
[Black "Ral Lustig, Melvin"]
[Result "1-0"]
[TimeControl "3 min + 2 sec increment starting from move 1"]
[WhiteTitle "IM"]
[BlackTitle "CM"]
[WhiteElo "2386"]
[BlackElo "2223"]

1. Nf3 c5 2. c4 Nc6 3. Nc3 Nf6 4. d4 cxd4 5. Nxd4 e6 6. Bf4 Bb4 7. Ndb5 e5 8. Bg5 O-O 9. a3 Bxc3+ 10. Nxc3 h6 11. Bxf6 Qxf6 12. e3 Qg6 13. g3 d6 14. Bg2 Bg4 15. Qd2 Na5 16. Nd5 Nxc4 17. Ne7+ Kh7 18. Nxg6 1-0

[Event "SM-blixten 2025"]
[Site "Uppsala, Sweden"]
[Date "2025.07.03"]
[Round "5.8"]
[White "Pantzar, Milton"]
[Black "Tornberg, Carlos"]
[Result "1-0"]
[TimeControl "3 min + 2 sec increment starting from move 1"]
[WhiteTitle "IM"]
[WhiteElo "2444"]
[BlackElo "2164"]

1. d4 Nf6 2. Nf3 e6 3. e3 c5 4. b3 Nc6 5. Bb2 Be7 6. Bd3 O-O 7. O-O d5 8. a3 b6 9. Nbd2 Bb7 10.
Qe2 Re8 11. dxc5 Bxc5 12. e4 dxe4 13. Nxe4 Nd4 14. Nxd4 Bxd4 15. Nxf6+ Qxf6 16. Bxh7+ Kxh7 17. Qd3+ Kg8 18. Qxd4 e5 19.
Qd3 Rad8 20. Qg3 Rd2 21. Rae1 Qh6 22. Bc1 Ba6 23. Bxd2 Qxd2 24. Rd1 Qxc2 25. Rfe1 Qxb3 1-0

[Event "SM-blixten 2025"]
[Site "Uppsala, Sweden"]
[Date "2025.07.03"]
[Round "7.4"]
[White "Pantzar, Milton"]
[Black "Crevatin, Leo"]
[Result "1/2-1/2"]
[TimeControl "3 min + 2 sec increment starting from move 1"]
[WhiteTitle "IM"]
[BlackTitle "FM"]
[WhiteElo "2444"]
[BlackElo "2248"]

1. c4 e5 2. Nc3 Nf6 3. Nf3 e4 4. Ng5 c6 5.
Ngxe4 Nxe4 6. Nxe4 d5 7.
cxd5 cxd5 8. Ng3 h5 9. h4 Bd6 10.
e3 Bxg3 11. fxg3 Bg4 12. Qa4+ Nc6 13. Bb5 Rc8 14. O-O a6 15. Bxc6+ Rxc6 16. Qb4 Qe7 17. Qxe7+ Kxe7 18. b3 Rhc8 19. Bb2 f6 20. Bc3 Ke6 21.
Rf4 Bf5 22. Raf1 Bg4 23. Rd4 Rd6 24. Rff4 Rc7 25. Rf1 Rcd7 26. Ra1 Rc6 27. Kf2 Rdc7 28. a4 Bf5 29. Rb4 Rd7 30. Rf4 Rdc7 31. Ke1 Rd7 32. Kd1 Bg4+ 33. Kc2 Bf5+ 34.
Kb2 Bg4 35. Raf1 Rc8 36. Re1 Rc6 37.
e4 d4 38. Bb4 Rdc7 39. a5 Rc2+ 40.
Ka3 Rd7 41. e5 fxe5 42. Rf8 Kd5 43. Re8 Be6 44. Rh8 g6 45. Re8 Rc6 46. Rf1 Rf7 47. Rd8+ Rd7 48. Rb8 Ke4 49. Re1+ Kd5 50. Re8 e4 51.
Rf8 Bf5 52. Re8 Re6 53. Rc8 Rc6 54. Re8 Re6 55. Rf8 Rc6 56.
Rh8 Re6 57. Rb8 Rc6 58. Re8 Re6 59. Rc8 Rc6 1/2-1/2

[Event "SM-blixten 2025"]
[Site "Uppsala, Sweden"]
[Date "2025.07.03"]
[Round "8.10"]
[White "Agrest, Simon"]
[Black "Karlsson, Tomas"]
[Result "1-0"]
[TimeControl "3 min + 2 sec increment starting from move 1"]
[BlackTitle "FM"]
[WhiteElo "2006"]
[BlackElo "2239"]

1. e4 e6 2. d4 d5 3. e5 c5 4. c3 Nc6 5. Nf3 Bd7 6. Bd3 f6 7. O-O fxe5 8. Nxe5 Nxe5 9. dxe5 g6 10. Be3 Qc7 11. f4 c4 12. Bc2 Ne7 13. Nd2 Bg7 14. Nf3 O-O-O 15. b3 Nf5 16. Bf2 Bf8 17. Rb1 Bc5 18. b4 Bb6 19. Qd2 h6 20. a4 a6 21. a5 Bxf2+ 22. Rxf2 Rdf8 23. Bxf5 Rxf5 24.
Nd4 Rf7 25. b5 Qxa5 26. bxa6 Qxa6 27. Qb2 Kc7 28. Qb4 Rc8 29. Rfb2 Kd8 30. g3 g5 31. f5 exf5 32. Qxb7 Qxb7 33.
Rxb7 Re7 34. R1b6 Rxe5 35. Rd6 Re7 36. Rxd5 Ke8 37. Rd6 f4 38. gxf4 gxf4 39. Rxh6 Rg7+ 40. Kf2 Ra8 41. Rh8+ Ke7 42. Rxa8 1-0

[Event "SM-blixten 2025"]
[Site "Uppsala, Sweden"]
[Date "2025.07.03"]
[Round "10.6"]
[White "Religa, Marek"]
[Black "Nygren, Kim"]
[Result "1-0"]
[TimeControl "3 min + 2 sec increment starting from move 1"]
[BlackTitle "CM"]
[WhiteElo "2227"]
[BlackElo "2173"]

1. e4 c5 2. d4 cxd4 3.
Qxd4 Nc6 4. Qd3 g6 5.
Nc3 Bg7 6. Nf3 Nh6 7. Be2 O-O 8. O-O d6 9. h3 f5 10. Bg5 Nf7 11. Rad1 h6 12. Be3 Nfe5 13. Nxe5 Nxe5 14. Qd5+ Kh7 15.
f4 Nc6 16. Bf3 Qe8 17. Nb5 Rb8 18. Nxa7 Nxa7 19. Bxa7 Ra8 20. Bd4 e5 21. fxe5 dxe5 22. Bc3 Be6 23. Qxb7 Rxa2 24. exf5 gxf5 25. Bd5 Bxd5 26. Qxd5 Ra7 27. Rde1 Re7 28. Bb4 Rd7 29. Qb3 Rff7 30. Bc3 f4 31. Qc4 Rf5 32. Qe4 Qg6 33. Rd1 Rdf7 34. Rd8 h5 35. Rc8 h4 36.
Rc6 Qg5 37. Qf3 e4 38. Qxe4 f3 39. Qg4 f2+ 40. Kh1 Qxg4 41. hxg4 Rf4 42. Bxg7 Kxg7 43. Rc5 Rxg4 44. Rc3 Rg3 45. Kh2 Rxc3 46. bxc3 Kg6 47. g3 Kg5 48. gxh4+ Kxh4 49.
Kg2 Rc7 50. Rxf2 Rxc3 51. Rd2 Kg4 52. Kf2 Kf4 53. Ke2 Ke4 54. Kd1 Ra3 55. Rh2 Ra2 56.
Kd2 Rb2 57. Rh4+ Kd5 58. Kc3 Rb1 59. Rh5+ Kc6 60. Kc4 Rg1 61. Rh6+ Kc7 62.
c3 Rg5 63. Kb4 Rg1 64. c4 Rd1 65. Kc5 Rc1 66. Rh7+ Kc8 67. Kb5 Rb1+ 68. Kc6 Kd8 69. Rh8+ Ke7 70. c5 Rc1 71. Kb6 Rb1+ 72. Kc7 Ke6 73. c6 Rg1 74. Rh6+ Kd5 75. Rh5+ Ke6 76. Rh7 Kd5 77. Kd7 Ra1 78. Rh5+ Ke4 79.
c7 1-0

[ePGN "0.1;DGT LiveChess/2.2.7"]

[Event "SM-blixten 2025"]
[Site "Uppsala, Sweden"]
[Date "2025.07.03"]
[Round "1.1"]
[White "Ullberg, Stefan"]
[Black "Galperin, Platon"]
[Result "0-1"]
[TimeControl "3 min + 2 sec increment starting from move 1"]
[BlackTitle "GM"]
[WhiteElo "1830"]
[BlackElo "2506"]

1. d4 g6 2. Nf3 Bg7 3. c3 Nf6 4. g3 b6 5. Bg2 Bb7 6. O-O O-O 7. Bg5 Ne4 8. Bc1 c5 9. e3 Qc7 10.
Nfd2 Nf6 11. Nf3 d6 12. Nbd2 Nbd7 13. Nb3 e5 14. Qe2 Rfe8 15. Qc2 Be4 16. Qd2 c4 0-1